 Dungeon Crawl Stone Soup version 0.22-a0-458-gb446440 (webtiles) character file.

12779 nikopol the Thaumaturge (level 11, -3/57 HPs)
             Began as a Deep Elf Fire Elementalist on June 8, 2018.
             Was a Follower of Vehumet.
             Splashed by an oklob plant's acid (16 damage)
             ... on level 2 of the Lair of Beasts.
             The game lasted 00:51:16 (14572 turns).

nikopol the Thaumaturge (DEFE)                     Turns: 14572, Time: 00:51:17

Health: -3/57      AC: -1    Str:  5    XL:     11   Next: 66%
Magic:  29/39      EV: 15    Int: 24    God:    Vehumet [*.....]
Gold:   652        SH:  0    Dex: 15    Spells: 22/37 levels left

rFire    . . .     SeeInvis .   v - +2 short sword (drain)
rCold    . . .     Gourm    .   (no shield)
rNeg     . . .     Faith    .   a - +0 robe
rPois    +         Spirit   .   (no helmet)
rElec    .         Reflect  .   (no cloak)
rCorr    .         Harm     .   m - +0 pair of gloves
MR       +....                  (no boots)
Stlth    +++.......             (no amulet)
HPRegen  0.19/turn              z - ring of poison resistance
MPRegen  0.26/turn              C - ring of magical power

@: corroded
A: no striking features
a: Renounce Religion


You were on level 2 of the Lair of Beasts.
You worshipped Vehumet.
Vehumet was aware of your devotion.
You were hungry.

You visited 3 branches of the dungeon, and saw 12 of its levels.
You also visited: Sewer.

You collected 652 gold pieces.

Inventory:

Hand Weapons
 v - a +2 short sword of draining (weapon)
Armour
 a - a +0 robe (worn)
 m - a +0 pair of gloves (worn)
Jewellery
 u - a +3 ring of dexterity
 y - an uncursed ring of ice
 z - a ring of poison resistance (left hand)
 B - an uncursed ring of wizardry
 C - a ring of magical power (right hand)
 E - an uncursed ring of protection from cold {unknown}
 H - an uncursed ring of resist corrosion {unknown}
Wands
 g - a wand of random effects (50)
 t - a wand of flame (14)
 w - a wand of iceblast (1)
 A - a wand of polymorph (15)
Scrolls
 e - 3 scrolls of amnesia
 f - 5 scrolls of remove curse
 h - 6 scrolls of teleportation
 k - a scroll of magic mapping
 n - 2 scrolls of enchant armour {unknown}
 D - 5 scrolls of blinking {unknown}
 F - a scroll of noise {unknown}
 G - a scroll of random uselessness {unknown}
 I - a scroll of fear {unknown}
 J - a scroll of identify
 K - a scroll of brand weapon {unknown}
Potions
 b - 2 potions of curing
 d - a potion of resistance {unknown}
 i - 6 potions of flight
 j - a potion of berserk rage {unknown}
 o - 3 potions of degeneration
 p - 2 potions of might
 q - 2 potions of mutation {unknown}
 r - 3 potions of heal wounds
 s - a potion of haste {unknown}
 x - 3 potions of agility
Comestibles
 c - 18 rations


   Skills:
 + Level 1.7 Fighting
 + Level 5.2 Dodging
 + Level 4.7 Stealth
 + Level 13.9 Spellcasting
 + Level 10.6 Conjurations
 + Level 11.8 Fire Magic
 + Level 1.1 Evocations


You had 22 spell levels left.
You knew the following spells:

 Your Spells              Type           Power        Failure   Level  Hunger
a - Flame Tongue          Conj/Fire      #####        1%          1    None
b - Throw Flame           Conj/Fire      ######       1%          2    None
c - Conjure Flame         Conj/Fire      ######..     1%          3    None
d - Sticky Flame          Conj/Fire      ######..     1%          4    None
e - Fireball              Conj/Fire      ######....   1%          5    ###....

Your spell library contained the following spells:

 Spells                   Type           Power        Failure   Level  Hunger
 Inner Flame              Hex/Fire       #####...     1%          3    None


Dungeon Overview and Level Annotations

Branches:
Dungeon (9/15)             Temple (1/1) D:5            Lair (2/6) D:9
  Swamp: Lair:2-4    Shoals: Lair:2-4     Snake: Lair:2-4    Spider: Lair:2-4
    Orc: D:9-12

Altars:
Ashenzari
Cheibriados
Dithmenos
Elyvilon
Fedhas
Gozag
Hepliaklqana
Kikubaaqudgha
Makhleb
Nemelex Xobeh
Okawaru
Qazlal
Ru
Sif Muna
Trog
Uskayaw
Vehumet
Wu Jian
Xom
Yredelemnul
Zin
The Shining One

Annotations:
Lair:2 exclusion: 3 oklob plants, Qupu's ghost, journeyman TrMo


Message History

Confirm with . or Enter, or press ? or * to list all spells.
Aiming: Fireball (safe; 1% risk of failure)
Press: ? - help, Shift-Dir - straight line The fireball explodes!
The fireball engulfs the oklob plant.
The oklob plant is moderately damaged.
You are feeling hungry.
Casting: Fireball (safe; 1% risk of failure)
Confirm with . or Enter, or press ? or * to list all spells.
Aiming: Fireball (safe; 1% risk of failure)
Press: ? - help, Shift-Dir - straight line The fireball explodes!
The fireball engulfs the oklob plant.
The oklob plant is heavily damaged.
The oklob plant spits acid at you. The splash of acid hits you!
The acid corrodes you!
You are splashed with acid!
The acid burns!
The oklob plant spits acid at you. The splash of acid hits you!
* * * LOW HITPOINT WARNING * * *
You are splashed with acid!
The acid burns!
You die...

.......#### ###..# ##........###
#..... ###...8.....#### ###
###.....
.###...........#####.#####.......
.####.......+..............P.....
..#.#.......####.P#.###.P#.......
#.'...#..#..# #..#### ######.....
.#P.........# ##.# ##.....
###.........# #@### #......
##.........# #..P#** ##..#..
#.####.#..##**#.....# ###### ###
###### *,.†....# *##P...## #$†..#
#.)$?# #...P# #PP[$#


You could see an oklob plant.

Vanquished Creatures
  2 two-headed ogres
  8 spiny frogs
  A rime drake (Lair:1)
  2 komodo dragons (Lair:1)
  A merfolk (D:9)
  A hippogriff (D:8)
  Prince Ribbit (D:6)
  Sigmund (D:4)
  A wyvern (D:9)
  14 yaks
  A hungry ghost (D:8)
  A steam dragon (D:7)
  Menkaure (D:6)
  Edmund (D:5)
  An insubstantial wisp (D:7)
  Duvessa (D:4)
  5 water moccasins
  2 orc warriors
  5 porcupines
  6 sky beasts
  A black bear (D:8)
  3 wolves (Lair:2)
  3 crocodiles
  8 bullfrogs
  A big kobold (Sewer)
  Dowan (D:4)
  A wyvern skeleton (D:7)
  A scorpion (D:5)
  A water moccasin skeleton (D:7)
  4 killer bees (D:7)
  7 howler monkeys
  A centaur zombie (D:5)
  A crimson imp (D:8)
  3 hounds
  A gnoll shaman (D:6)
  3 jellies
  2 orc priests (D:9)
  2 bullfrog skeletons
  An iguana (D:4)
  Natasha (thrice) (D:2)
  6 hell rats (Lair:2)
  6 orc wizards
  6 worker ants
  A killer bee zombie (D:7)
  2 hound zombies
  Robin (D:3)
  3 gnolls (D:6)
  12 adders
  A howler monkey skeleton (D:4)
  2 river rats (Sewer)
  2 shadow imps
  An ooze (D:1)
  An adder skeleton (D:7)
  4 worms
  5 leopard geckos
  21 orcs
  2 ball pythons
  9 bats
  3 giant cockroaches
  15 goblins
  8 hobgoblins
  5 jackals
  4 quokkas
  9 frilled lizards
  10 kobolds
  A quokka skeleton (D:9)
  12 rats
  A fungus (Lair:2)
  3 plants (Lair:2)
260 creatures vanquished.

Vanquished Creatures (others)
  2 fungi (Lair:2)
  2 plants (Lair:2)
4 creatures vanquished.

Grand Total: 264 creatures vanquished

Notes
Turn   | Place    | Note
-------+----------+-------------------------------------------
     0 | D:1      | nikopol the Deep Elf Fire Elementalist began the quest for the Orb.
     0 | D:1      | Reached XP level 1. HP: 10/10 MP: 6/6
   100 | D:1      | Reached XP level 2. HP: 15/15 MP: 4/8
   673 | D:1      | Reached XP level 3. HP: 19/19 MP: 5/10
   682 | D:1      | Learned a level 2 spell: Throw Flame
   686 | D:1      | Learned a level 3 spell: Conjure Flame
  1064 | D:2      | Noticed Natasha
  1076 | D:2      | Killed Natasha
  1076 | D:2      | Reached skill level 4 in Spellcasting
  1076 | D:2      | Reached XP level 4. HP: 23/24 MP: 6/12
  1194 | D:2      | Noticed Natasha
  1201 | D:2      | Killed Natasha
  1426 | D:2      | Noticed Natasha
  1433 | D:2      | Killed Natasha
  1626 | D:2      | Reached XP level 5. HP: 28/28 MP: 11/13
  1812 | D:2      | Reached skill level 5 in Fire Magic
  2209 | D:3      | Found a bloodstained altar of Trog.
  2210 | D:3      | Found a deep blue altar of Sif Muna.
  2210 | D:3      | Found a hide-covered altar of Uskayaw.
  2210 | D:3      | Found an opulent altar of Gozag.
  2601 | D:3      | Found a sacrificial altar of Ru.
  2601 | D:3      | Found a basalt altar of Yredelemnul.
  2601 | D:3      | Noticed Robin
  2955 | D:3      | Killed Robin
  2985 | D:3      | Reached skill level 5 in Spellcasting
  3033 | D:3      | Found a glowing golden altar of the Shining One.
  3214 | D:4      | Reached XP level 6. HP: 32/32 MP: 10/15
  3393 | D:4      | Noticed Sigmund
  3402 | D:4      | Killed Sigmund
  3578 | D:4      | Reached skill level 6 in Spellcasting
  3614 | D:4      | Reached XP level 7. HP: 34/36 MP: 8/18
  3620 | D:4      | Learned a level 4 spell: Sticky Flame
  3626 | D:4      | Learned a level 5 spell: Fireball
  3932 | D:4      | Noticed Dowan
  3933 | D:4      | Noticed Duvessa
  3965 | D:4      | Killed Duvessa
  3968 | D:4      | Killed Dowan
  4486 | D:5      | Entered Level 5 of the Dungeon
  4572 | D:5      | Found a stormy altar of Qazlal.
  4582 | D:5      | Found a glowing drain.
  4606 | Sewer    | Entered a sewer
  4757 | Sewer    | Reached skill level 7 in Spellcasting
  4837 | Sewer    | Found a white marble altar of Elyvilon.
  5061 | D:5      | Found a staircase to the Ecumenical Temple.
  5073 | Temple   | Entered the Ecumenical Temple
  5532 | D:5      | Reached XP level 8. HP: 33/42 MP: 11/21
  5777 | D:5      | Reached skill level 5 in Conjurations
  5840 | D:5      | Reached skill level 8 in Spellcasting
  5946 | D:5      | Noticed Edmund
  5960 | D:5      | Killed Edmund
  5960 | D:5      | Reached skill level 1 in Fighting
  6771 | D:6      | Noticed Menkaure
  6853 | D:6      | Killed Menkaure
  6886 | D:6      | Reached skill level 9 in Spellcasting
  7069 | D:6      | Noticed Prince Ribbit
  7074 | D:6      | Killed Prince Ribbit
  7074 | D:6      | Reached XP level 9. HP: 47/47 MP: 12/24
  8052 | D:7      | Reached skill level 10 in Spellcasting
  9794 | D:8      | Reached skill level 11 in Spellcasting
 10065 | D:8      | Reached XP level 10. HP: 52/52 MP: 13/27
 10164 | D:8      | Found a deep blue altar of Sif Muna.
 10191 | D:8      | Found a radiant altar of Vehumet.
 10197 | D:8      | Became a worshipper of Vehumet
 10786 | D:9      | Found a staircase to the Lair.
 10786 | D:9      | Noticed a two-headed ogre
 10792 | D:9      | Killed a two-headed ogre
 10792 | D:9      | Reached skill level 1 in Evocations
 10838 | D:9      | Noticed a two-headed ogre
 10851 | D:8      | Killed a two-headed ogre
 10851 | D:8      | Reached skill level 5 in Dodging
 10851 | D:8      | Reached skill level 12 in Spellcasting
 10851 | D:8      | Reached skill level 10 in Fire Magic
 11633 | Lair:1   | Entered Level 1 of the Lair of Beasts
 11633 | Lair:1   | Noticed a spiny frog
 11633 | Lair:1   | Noticed a spiny frog
 11645 | D:9      | Killed a spiny frog
 11828 | Lair:1   | Noticed a spiny frog
 11834 | D:9      | Killed a spiny frog
 11915 | D:9      | Killed a spiny frog
 12021 | Lair:1   | Noticed a spiny frog
 12031 | Lair:1   | Killed a spiny frog
 12031 | Lair:1   | Reached skill level 13 in Spellcasting
 12031 | Lair:1   | Reached XP level 11. HP: 14/56 MP: 22/30
 12678 | Lair:1   | Reached * piety under Vehumet
 12678 | Lair:1   | Offered knowledge of Freeze by Vehumet.
 13216 | Lair:2   | Found a shadowy altar of Dithmenos.
 13316 | Lair:2   | Reached skill level 10 in Conjurations
 13631 | Lair:2   | Noticed Qupu's ghost (journeyman TrMo)
 14453 | Lair:2   | Noticed an oklob plant
 14569 | Lair:2   | Noticed an oklob plant
 14569 | Lair:2   | Noticed an oklob plant
 14572 | Lair:2   | Splashed by an oklob plant's acid

Vault maps used:
D:1:      minmay_arrival_three_doors
D:2:      uniq_natasha
D:3:      grunt_temple_overflow_open, uniq_robin
D:4:      first_ration, minmay_misc_feat_ornament, uniq_sigmund, uniq_duvessa
D:5:      nicolae_qazlal_general_emergency, minmay_temple_entry_purple_smoke,
          cheibrodos_sewer_entry_bend, uniq_edmund
D:6:      uniq_prince_ribbit1, uniq_menkaure
D:7:      hangedman_misty_isle
D:8:      old_standard_altar, basic_altar
D:9:      lair_entry_dummy, hangedman_fish_farm
Temple:   nicolae_temple_figure_eight
Lair:2:   basic_altar, nicolae_volcano_entry_batcave, grunt_megastairs_3,
          minmay_lair_oklob_chamber
Sewer:    sewer_kobolds

Skill      XL: |  1  2  3  4  5  6  7  8  9 10 11 |
---------------+----------------------------------+-----
Fire Magic     | 4 5 6 7 9 10 11 | 11.8
Dodging        | 3 4 5 |  5.2
Spellcasting   | 4 5 6 7 9 11 13 | 13.9
Conjurations   | 2 3 4 6 7 9 10 | 10.6
Stealth        | 3 4 |  4.7
Fighting       | 1 |  1.7
Evocations     | 1 |  1.1

Action                   |  1- 3 |  4- 6 |  7- 9 | 10-12 || total
-------------------------+-------+-------+-------+-------++-------
Melee: Short sword       |       |       |    12 |     3 ||    15
 Cast: Flame Tongue      |    61 |   109 |   218 |   131 ||   519
       Throw Flame       |       |    10 |    34 |    31 ||    75
       Conjure Flame     |       |     3 |     8 |     6 ||    17
       Sticky Flame      |       |       |    27 |    31 ||    58
       Fireball          |       |       |    25 |    38 ||    63
Evoke: Wand              |       |       |     6 |       ||     6
  Use: Scroll            |       |       |     4 |     6 ||    10
       Potion            |       |       |       |     1 ||     1
 Stab: Sleeping          |       |       |     1 |       ||     1
  Eat: Chunk             |       |     8 |    19 |    13 ||    40
       Ration            |       |       |     2 |     1 ||     3
Armor: Robe              |    27 |    10 |    14 |     3 ||    54
Dodge: Dodged            |    47 |    22 |    65 |    35 ||   169

Table legend:
 A = Spawn XP
 B = Non-spawn XP
 C = Spawn XP percentage of total XP
 D = Spawn monster count
 E = Non-spawn monster count
 F = Spawn count percentage of total count
 G = Total turns spent on level
                    A         B        C        D         E        F      G
               +---------+---------+-------+---------+---------+-------+---------
         Total |       0 |   18257 |   0.0 |       0 |     256 |   0.0 | 14572
               +---------+---------+-------+---------+---------+-------+---------
           D:1 |       0 |      51 |   0.0 |       0 |      28 |   0.0 |   897
           D:2 |       0 |     217 |   0.0 |       0 |      25 |   0.0 |  1509
           D:3 |       0 |      98 |   0.0 |       0 |      27 |   0.0 |   754
           D:4 |       0 |     693 |   0.0 |       0 |      17 |   0.0 |  1351
           D:5 |       0 |     819 |   0.0 |       0 |      20 |   0.0 |  1592
           D:6 |       0 |    1008 |   0.0 |       0 |      24 |   0.0 |  1194
           D:7 |       0 |    1703 |   0.0 |       0 |      24 |   0.0 |  2089
           D:8 |       0 |    1733 |   0.0 |       0 |      10 |   0.0 |   851
           D:9 |       0 |    4310 |   0.0 |       0 |      30 |   0.0 |  1307
        Lair:1 |       0 |    3087 |   0.0 |       0 |      13 |   0.0 |  1676
        Lair:2 |       0 |    4406 |   0.0 |       0 |      28 |   0.0 |   887
         Sewer |       0 |     132 |   0.0 |       0 |      10 |   0.0 |   278
               +---------+---------+-------+---------+---------+-------+---------
